 Dungeon Crawl Stone Soup version 0.20-a0-277-g7db01f4 (webtiles) character file.

450 mopl the Stinger (level 6, 0/32 HPs)
             Began as a Deep Elf Venom Mage on Dec 13, 2016.
             Slain by a centaur skeleton (8 damage)
             ... on level 4 of the Dungeon.
             The game lasted 00:04:52 (3412 turns).

mopl the Stinger (Deep Elf Venom Mage)              Turns: 3412, Time: 00:04:53

Health: 0/32       AC:  6    Str:  5    XL:     6   Next: 74%
Magic:  10/15      EV: 13    Int: 20    God:
Gold:   194        SH:  0    Dex: 17    Spells: 7/15 levels left

rFire  . . .     SeeInvis .     (no weapon)
rCold  . . .     Gourm    .     a - +0 robe
rNeg   . . .     Faith    .     (no shield)
rPois  .         Spirit   .     (no helmet)
rElec  .         Reflect  .     (no cloak)
rCorr  .         Harm     .     B - +3 pair of gauntlets of War {Slay+5}
MR     .....                    (no boots)
Stlth  ++........               (no amulet)
                                o - ring of stealth
                                l - ring of loudness (curse)

@: no status effects
A: no striking features
a: no special abilities


You were on level 4 of the Dungeon.
You were not hungry.

You visited 1 branch of the dungeon, and saw 4 of its levels.

You collected 194 gold pieces.

Inventory:

Hand Weapons
 r - a +1 vampiric spear
Armour
 a - a +0 robe (worn)
 B - the +3 pair of gauntlets of War (worn) {Slay+5}
   (You found it on level 4 of the Dungeon)

   It affects your accuracy and damage with ranged weapons and melee attacks
   (+5).
Jewellery
 l - a cursed ring of loudness (left hand)
 o - a ring of stealth (right hand)
 q - an uncursed ring of stealth
Wands
 v - a wand of flame (8/48)
Scrolls
 d - 2 scrolls of amnesia {unknown}
 e - a scroll of random uselessness {unknown}
 g - a scroll of enchant armour {unknown}
 j - a scroll of teleportation {unknown}
 m - 2 scrolls of remove curse {unknown}
 n - a scroll of enchant weapon {unknown}
 t - 2 scrolls of blinking {unknown}
 w - a scroll of holy word {unknown}
 y - 2 scrolls of magic mapping {unknown}
 z - a scroll of fog {unknown}
 A - a scroll of identify {unknown}
Potions
 h - 2 potions of cure mutation {!q}
 i - 2 potions of heal wounds {unknown}
 p - 2 potions of brilliance
 s - 2 potions of ambrosia {unknown}
 C - a potion of lignification {!q}
Books
 b - a Young Poisoner's Handbook

   Spells                             Type                      Level
   a - Sting                          Conjuration/Poison           1
   b - Mephitic Cloud                 Conjuration/Poison/Air       3
   c - Olgreb's Toxic Radiance        Poison                       4
   d - Alistair's Intoxication        Transmutation/Poison         5
   e - Venom Bolt                     Conjuration/Poison           5
Comestibles
 c - 2 bread rations
 f - 4 meat rations
 k - a beef jerky
 u - 2 fruits
 x - a slice of pizza


   Skills:
 - Level 2.4 Dodging
 - Level 2.4 Stealth
 + Level 5.3 Spellcasting
 + Level 3.7 Conjurations
 * Level 7.1 Poison Magic


You had 7 spell levels left.
You knew the following spells:

 Your Spells              Type           Power        Failure   Level  Hunger
a - Sting                 Conj/Pois      ####         1%          1    None
b - Olgreb's Toxic Radia  Pois           ####....     10%         4    ####...
d - Mephitic Cloud        Conj/Pois/Air  ###.....     10%         3    ##.....


Dungeon Overview and Level Annotations

Branches:
Dungeon (4/15)
 Temple: D:4-7

Altars:
Cheibriados


Message History

There is a stone staircase leading up here.
You hit the centaur skeleton.
The centaur skeleton is lightly damaged.
The centaur skeleton barely misses you.
You hit the centaur skeleton.
The centaur skeleton is lightly damaged.
The centaur skeleton hits you but does no damage.
You punch the centaur skeleton!
The centaur skeleton is heavily damaged.
The centaur skeleton misses you. The centaur skeleton hits you.
The centaur skeleton hits you.
* * * LOW HITPOINT WARNING * * *
The centaur skeleton hits you but does no damage.
The centaur skeleton misses you.
You kill the ogre!
Your Poison Magic skill increases to level 7!
There is an open door here.
The centaur skeleton closely misses you.
The centaur skeleton barely misses you. The centaur skeleton hits you!
You die...

###.>..............'....#
#....
#..####..........####.###....
###
#..####..........####..###.##
..#
#..#..#.######.............#
#.# #..#....# #.##...$...†###
#.# #...#.##### ...#<........#
#.####....#...##+####........#
#.#.....###...#..............#
#.#.##.####...#.@...#######.##
#...##........'Z.)..+ ....
###############.....# ###.##
#.....# .# ###...# .. #...#
... #...# ..$ #......#
#......#


You could see a centaur skeleton.

Vanquished Creatures
  Sigmund (D:3)
  An ogre (D:4)
  An iguana (D:4)
  A hound skeleton (D:4)
  9 adders
  3 worms
  2 dart slugs
  A leopard gecko (D:3)
  3 orcs
  2 bats (D:2)
  3 giant cockroaches
  6 goblins
  6 hobgoblins
  8 jackals
  9 kobolds
  A quokka (D:2)
  5 frilled lizards
  A quokka skeleton (D:4)
  4 rats
67 creatures vanquished.

Notes
Turn   | Place    | Note
-------+----------+-------------------------------------------
     0 | D:1      | mopl the Deep Elf Venom Mage began the quest for the Orb.
     0 | D:1      | Reached XP level 1. HP: 10/10 MP: 6/6
   408 | D:1      | Reached XP level 2. HP: 9/15 MP: 0/8
  1175 | D:2      | Reached skill level 1 in Conjurations
  1244 | D:2      | Reached skill level 5 in Poison Magic
  1341 | D:2      | Reached XP level 3. HP: 19/19 MP: 1/10
  1414 | D:2      | Learned a level 3 spell: Mephitic Cloud
  1703 | D:2      | Reached XP level 4. HP: 24/24 MP: 4/11
  1761 | D:2      | Learned a level 4 spell: Olgreb's Toxic Radiance
  2240 | D:3      | Reached skill level 4 in Spellcasting
  2343 | D:3      | Reached skill level 2 in Conjurations
  2601 | D:3      | Found a snail-covered altar of Cheibriados.
  2603 | D:3      | Noticed Sigmund
  2633 | D:3      | Killed Sigmund
  2633 | D:3      | Reached skill level 3 in Conjurations
  2633 | D:3      | Reached skill level 6 in Poison Magic
  2633 | D:3      | Reached XP level 5. HP: 28/28 MP: 4/14
  2633 | D:3      | Reached XP level 6. HP: 32/32 MP: 4/15
  2782 | D:3      | Reached skill level 5 in Spellcasting
  3410 | D:4      | Reached skill level 7 in Poison Magic
  3412 | D:4      | Slain by a centaur skeleton

Vault maps used:
D:1:      minmay_arrival_checkered_box
D:2:      minmay_diamond_boxcup
D:3:      kennysheep_slug_shrine, uniq_sigmund
D:4:      first_bread

Skill      XL: |  1  2  3  4  5  6 |
---------------+-------------------+-----
Conjurations   | 1 3 |  3.7
Poison Magic   | 5 6 7 |  7.1
Spellcasting   | 4 5 |  5.3
Dodging        | |  2.4
Stealth        | |  2.4

Action                   |  1- 3 |  4- 6 || total
-------------------------+-------+-------++-------
Melee: Unarmed           |       |    16 ||    16
 Cast: Sting             |    67 |    85 ||   152
       Olgreb's Toxic Ra |       |     5 ||     5
  Use: Potion            |     5 |       ||     5
 Stab: Sleeping          |       |     1 ||     1
  Eat: Chunk             |     2 |     6 ||     8
Armor: Robe              |     4 |    11 ||    15
Dodge: Dodged            |    20 |    41 ||    61
